[Event "CZE Extraliga 2019-20"]
[Site "Czech Republic"]
[Date "2019.10.13"]
[Round "2.3"]
[White "Bernasek, Jan"]
[Black "Heberla, Bartlomiej"]
[Result "0-1"]
[ECO "D36"]
[WhiteElo "2490"]
[BlackElo "2544"]
[Annotator "ChessBase"]
[PlyCount "90"]
[EventDate "2019.09.15"]
[EventType "team-tourn"]
[EventCountry "CZE"]
[SourceTitle "playchess.com"]
[Source "ChessBase"]
[SourceQuality "1"]
[WhiteTeam "Siesta Solution Unichess"]
[BlackTeam "Moravská Slavia Brno"]
[TimeControl "40/5400+30:1800+30"]

1. d4 e6 2. c4 d5 3. Nc3 Nf6 4. cxd5 exd5 5. Bg5 c6 6. Qc2 h6 7. Bh4 g6 8. e3 Bf5 9. Bd3 Bxd3 10. Qxd3 Nbd7 11. Nf3 Be7 12. O-O O-O 13. h3 Nh5 14. Bxe7 Qxe7 15. Nd2 f5 16. g4 Ng7 17. Ne2 Rae8 18. Nf4 Qd6 19. Rae1 g5 20. Ng2 fxg4 21. hxg4 Nf6 22. f3 Qg3 23. Re2 h5 24. gxh5 Nfxh5 25. Rff2 Qh3 26. Nf1 Rxf3 27. Qg6 Rf5 28. e4 dxe4 29. Re3 Qg4 30. Nh2 Qd1+ 31. Re1 Qxd4 32. Ng4 Rxf2 33. Nxf2 Rf8 34. Re3 Qxb2 35. Nh3 Qa1+ 36. Re1 Qd4+ 37. Kh1 Qf6 38. Qxf6 Rxf6 39. Nxg5 Ng3+ 40. Kg1 Ne6 41. Nxe4 Nxe4 42. Rxe4 Kf7 43. Ne3 Ke7 44. Nc4 Kd7 45. Rh4 Nf8 0-1

[Event "CZE Extraliga 2019-20"]
[Site "Czech Republic"]
[Date "2019.10.13"]
[Round "2.3"]
[White "Carlsson, Pontus"]
[Black "Blahynka, Martin"]
[Result "1-0"]
[ECO "C45"]
[WhiteElo "2447"]
[BlackElo "2423"]
[Annotator "NA"]
[PlyCount "99"]
[EventDate "2019.09.15"]
[EventType "team-tourn"]
[EventCountry "CZE"]
[SourceTitle "playchess.com"]
[Source "ChessBase"]
[SourceQuality "1"]
[WhiteTeam "ŠK Dopravní podnik Praha"]
[BlackTeam "ŠK Duras BVK"]
[TimeControl "40/5400+30:1800+30"]

1. e4 e5 2. Nf3 Nc6 3. d4 exd4 4. Nxd4 Bc5 5. Nb3 Bb6 6. Qe2 d6 7. Be3 Nf6 8. Nc3 Qe7 9. O-O-O Be6 10. f3 Bxb3 11. cxb3 O-O-O 12. Bxb6 axb6 13. Qd2 h5 14. h4 Ne5 15. Qd4 Kb8 16. Be2 Ned7 17. b4 Qe5 18. Qd2 Rhe8 19. Bc4 Qe7 20. Bb3 Ne5 21. b5 Rd7 22. Qe3 Qd8 23. Kb1 Ng6 24. Qd2 Re5 25. Qf2 Rc5 26. a4 Nf4 27. Qe3 Ng6 28. Rd4 Re5 29. Qf2 Ne7 30. Bxf7 Nf5 31. exf5 Rxf7 32. g4 Rfe7 33. Rc1 Qg8 34. Qc2 Qh7 35. g5 Ne8 36. Nd5 Rd7 37. Nxb6 Rd8 38. Nc4 Rc5 39. b4 Rxf5 40. Ne3 g6 41. Nxf5 gxf5 42. Rd5 Qe7 43. Qxf5 Qe3 44. Rd3 Qf2 45. Qf4 d5 46. a5 Qe2 47. Qe3 Qh2 48. Qe7 Rc8 49. Rxd5 Qxh4 50. Rd8 1-0

[Event "CZE Extraliga 2019-20"]
[Site "Czech Republic"]
[Date "2019.10.13"]
[Round "2.4"]
[White "Polak, Tomas"]
[Black "Jurcik, Marian"]
[Result "1-0"]
[ECO "A41"]
[WhiteElo "2527"]
[BlackElo "2486"]
[Annotator "ChessBase"]
[PlyCount "119"]
[EventDate "2019.09.15"]
[EventType "team-tourn"]
[EventCountry "CZE"]
[SourceTitle "playchess.com"]
[Source "ChessBase"]
[SourceQuality "1"]
[WhiteTeam "Moravská Slavia Brno"]
[BlackTeam "Siesta Solution Unichess"]
[TimeControl "40/5400+30:1800+30"]

1. d4 d6 2. Nf3 g6 3. c4 Bg7 4. Nc3 Bg4 5. e3 Nf6 6. h3 Bxf3 7. Qxf3 Nc6 8. g4 Nd7 9. Bd2 e5 10. d5 Ne7 11. Ne4 f5 12. gxf5 Nxf5 13. h4 Nc5 14. h5 Nxe4 15. Qxe4 Qf6 16. Bh3 O-O-O 17. O-O-O Kb8 18. Rdg1 Nh4 19. Bg4 g5 20. f3 Rdf8 21. Rh3 h6 22. Kd1 Nf5 23. Ke2 Ne7 24. Rc1 Ng8 25. Be6 Qe7 26. c5 dxc5 27. b4 c4 28. Qxc4 Nf6 29. b5 Ne8 30. Ba5 e4 31. Qxe4 Qa3 32. Bd2 Nd6 33. Qb4 Qxa2 34. Qc5 Be5 35. Qxc7+ Ka8 36. Qc2 Qxc2 37. Rxc2 Nxb5 38. Rh1 Nc7 39. Rhc1 Nxe6 40. dxe6 Re8 41. f4 gxf4 42. exf4 Rxe6 43. fxe5 Rxe5+ 44. Kf3 b6 45. Rh1 Rf8+ 46. Bf4 Kb7 47. Rh4 a5 48. Kg3 Rb5 49. Rc7+ Ka6 50. Bxh6 Rh8 51. Rc6 Kb7 52. Rg6 a4 53. Rxa4 Rxh5 54. Bf4 Rc8 55. Rg7+ Kc6 56. Rd4 Kb5 57. Rd3 Rc6 58. Rb3+ Ka6 59. Bb8 b5 60. Ra3+ 1-0

[Event "CZE Extraliga 2019-20"]
[Site "Czech Republic"]
[Date "2019.10.13"]
[Round "2.4"]
[White "Votava, Jan"]
[Black "Malinovsky, Karel"]
[Result "1/2-1/2"]
[ECO "E05"]
[WhiteElo "2521"]
[BlackElo "2478"]
[Annotator "ChessBase"]
[PlyCount "37"]
[EventDate "2019.09.15"]
[EventType "team-tourn"]
[EventCountry "CZE"]
[SourceTitle "playchess.com"]
[Source "ChessBase"]
[SourceQuality "1"]
[WhiteTeam "GASCO Pardubice"]
[BlackTeam "Slavia Kromerí\[#\]"]
[TimeControl "40/5400+30:1800+30"]

1. d4 d5 2. c4 e6 3. Nf3 Nf6 4. g3 Be7 5. Bg2 O-O 6. O-O dxc4 7. Qc2 a6 8. Qxc4 b5 9. Qc2 Bb7 10. Bd2 Be4 11. Qc1 c6 12. Be3 Nbd7 13. Nc3 Bg6 14. Ne5 Nxe5 15. dxe5 Nd5 16. Nxd5 cxd5 17. Qd2 Qc7 18. f4 Qc2 19. Rfc1 1/2-1/2

[Event "CZE Extraliga 2019-20"]
[Site "Czech Republic"]
[Date "2019.10.13"]
[Round "2.4"]
[White "Simacek, Pavel"]
[Black "Zwardon, Vojtech"]
[Result "1/2-1/2"]
[ECO "B35"]
[WhiteElo "2486"]
[BlackElo "2471"]
[Annotator "ChessBase"]
[PlyCount "79"]
[EventDate "2019.09.15"]
[EventType "team-tourn"]
[EventCountry "CZE"]
[SourceTitle "playchess.com"]
[Source "ChessBase"]
[SourceQuality "1"]
[WhiteTeam "ŠK Zikuda Turnov"]
[BlackTeam "BŠŠ Frýdek-Místek "]
[TimeControl "40/5400+30:1800+30"]

1. e4 c5 2. Nf3 Nc6 3. d4 cxd4 4. Nxd4 g6 5. Nc3 Bg7 6. Be3 Nf6 7. Bc4 O-O 8. Bb3 a5 9. O-O Nxd4 10. Bxd4 d6 11. Re1 Bd7 12. a4 Bc6 13. Nd5 Bxd5 14. exd5 Rc8 15. Re3 Re8 16. h3 Qc7 17. Rc3 Qd7 18. Qe1 Rxc3 19. Bxc3 Qf5 20. Bc4 Qxc2 21. Bb5 Rf8 22. Qxe7 Nxd5 23. Qxd6 Nxc3 24. bxc3 Qxc3 25. Rd1 Be5 26. Qb6 Rb8 27. Rd8+ Rxd8 28. Qxd8+ Kg7 29. Qd3 Qc1+ 30. Qf1 Qf4 31. g3 Qf6 32. Qe2 h5 33. Kg2 h4 34. Qf3 Qg5 35. Qg4 Qxg4 36. hxg4 g5 37. gxh4 gxh4 38. Kh3 Bd4 39. Kxh4 Bxf2+ 40. Kg5 1/2-1/2

[Event "CZE Extraliga 2019-20"]
[Site "Czech Republic"]
[Date "2019.10.13"]
[Round "2.5"]
[White "Rydl, Jiri"]
[Black "Nayhebaver, Martin"]
[Result "1-0"]
[ECO "A14"]
[WhiteElo "2422"]
[BlackElo "2481"]
[Annotator "ChessBase"]
[PlyCount "99"]
[EventDate "2019.09.15"]
[EventType "team-tourn"]
[EventCountry "CZE"]
[SourceTitle "playchess.com"]
[Source "ChessBase"]
[SourceQuality "1"]
[WhiteTeam "Siesta Solution Unichess"]
[BlackTeam "Moravská Slavia Brno"]
[TimeControl "40/5400+30:1800+30"]

1. c4 e6 2. g3 Nf6 3. Bg2 d5 4. Nf3 Be7 5. O-O O-O 6. d4 dxc4 7. Qc2 b5 8. a4 b4 9. Nfd2 c6 10. Nxc4 Qxd4 11. Be3 Qd8 12. Nbd2 Nd5 13. Nb3 Ba6 14. Bd4 Nd7 15. Nca5 c5 16. Nc6 Qe8 17. Nxc5 Bxc5 18. Bxc5 b3 19. Qc1 Nxc5 20. Qxc5 Kh8 21. Qd6 Qc8 22. Bf3 Qb7 23. Na5 Qb6 24. Qxb6 axb6 25. Nxb3 Rfc8 26. Bxd5 exd5 27. Nd4 Rc4 28. Rfd1 g6 29. b3 Rc3 30. Rac1 Rac8 31. Rxc3 Rxc3 32. Kf1 Kg7 33. Ke1 Kf6 34. Kd2 Rc5 35. Rc1 Ke5 36. e3 Ke4 37. f3+ Ke5 38. Rc3 g5 39. b4 Rxc3 40. Kxc3 Bf1 41. a5 bxa5 42. bxa5 g4 43. fxg4 Ke4 44. Kd2 Ba6 45. g5 Bc4 46. Nc6 Bf1 47. Ke1 Ba6 48. Kf2 Kf5 49. h4 Bb7 50. Nd8 1-0

[Event "CZE Extraliga 2019-20"]
[Site "Czech Republic"]
[Date "2019.10.13"]
[Round "2.5"]
[White "Plischki, Sebastian"]
[Black "Cerveny, Martin"]
[Result "1/2-1/2"]
[ECO "A41"]
[WhiteElo "2391"]
[BlackElo "2350"]
[Annotator "NA"]
[PlyCount "83"]
[EventDate "2019.09.15"]
[EventType "team-tourn"]
[EventCountry "CZE"]
[SourceTitle "playchess.com"]
[Source "ChessBase"]
[SourceQuality "1"]
[WhiteTeam "ŠK Dopravní podnik Praha"]
[BlackTeam "ŠK Duras BVK"]
[TimeControl "40/5400+30:1800+30"]

1. d4 d6 2. Nf3 Nd7 3. c4 e5 4. Nc3 g6 5. e4 Bg7 6. Be2 Ne7 7. d5 a5 8. h4 h6 9. h5 g5 10. g4 Nc5 11. Rg1 c6 12. Be3 cxd5 13. cxd5 Bd7 14. Nd2 O-O 15. f3 Qb8 16. a4 b6 17. Kf2 Nc8 18. Bxc5 bxc5 19. Bb5 Rd8 20. Nc4 Na7 21. Nxa5 Nxb5 22. axb5 Bxb5 23. Nxb5 Qxb5 24. Qd2 Bf6 25. Nc6 Rdc8 26. Na7 Rxa7 27. Rxa7 Bd8 28. Rga1 Bb6 29. Ra8 Rxa8 30. Rxa8+ Kg7 31. Kg2 c4 32. Ra1 Bd4 33. Qe2 Qb3 34. Rc1 Bxb2 35. Rxc4 Bd4 36. Rc1 Qa3 37. Rd1 Bc5 38. Kg3 Qb3 39. Rc1 Bd4 40. Kg2 Qa3 41. Rd1 Bc5 42. Rd3 1/2-1/2

[Event "CZE Extraliga 2019-20"]
[Site "Czech Republic"]
[Date "2019.10.13"]
[Round "2.5"]
[White "Szotkowski, Jakub"]
[Black "Jaracz, Pawel"]
[Result "1/2-1/2"]
[ECO "D15"]
[WhiteElo "2388"]
[BlackElo "2465"]
[Annotator "ChessBase"]
[PlyCount "52"]
[EventDate "2019.09.15"]
[EventType "team-tourn"]
[EventCountry "CZE"]
[SourceTitle "playchess.com"]
[Source "ChessBase"]
[SourceQuality "1"]
[WhiteTeam "BŠŠ Frýdek-Místek "]
[BlackTeam "ŠK Zikuda Turnov"]
[TimeControl "40/5400+30:1800+30"]

1. d4 d5 2. c4 c6 3. Nf3 Nf6 4. Nc3 a6 5. cxd5 cxd5 6. Bf4 e6 7. e3 Bd6 8. Ne5 Nc6 9. Nxc6 bxc6 10. Bxd6 Qxd6 11. Be2 Rb8 12. b3 c5 13. dxc5 Qxc5 14. Rc1 O-O 15. O-O Qd6 16. Qd3 a5 17. Rfd1 Qe7 18. e4 dxe4 19. Nxe4 Nd5 20. Qg3 Bb7 21. Bf3 Rbd8 22. h4 h6 23. h5 Ba8 24. Rc4 e5 25. Nc3 Nxc3 26. Rxc3 Bxf3 1/2-1/2

[Event "CZE Extraliga 2019-20"]
[Site "Czech Republic"]
[Date "2019.10.13"]
[Round "2.5"]
[White "Rubes, Jan"]
[Black "Pechac, Jergus"]
[Result "1/2-1/2"]
[ECO "B13"]
[WhiteElo "2363"]
[BlackElo "2489"]
[Annotator "ChessBase"]
[PlyCount "95"]
[EventDate "2019.09.15"]
[EventType "team-tourn"]
[EventCountry "CZE"]
[SourceTitle "playchess.com"]
[Source "ChessBase"]
[SourceQuality "1"]
[WhiteTeam "Slavia Kromerí\[#\]"]
[BlackTeam "GASCO Pardubice"]
[TimeControl "40/5400+30:1800+30"]

1. d4 d5 2. Bf4 c5 3. e3 Nc6 4. c3 cxd4 5. exd4 Bf5 6. Nf3 e6 7. Nbd2 Bd6 8. Bxd6 Qxd6 9. Be2 h6 10. O-O Nf6 11. Re1 O-O 12. Bb5 Nd7 13. Nf1 Rab8 14. Bd3 Bxd3 15. Qxd3 Na5 16. N1d2 Rfc8 17. Re2 Qc6 18. a4 Qb6 19. Qb5 Qc7 20. g3 a6 21. Qd3 Qb6 22. b4 Nc4 23. Nxc4 Rxc4 24. Nd2 Rcc8 25. a5 Qc6 26. Re3 b6 27. axb6 Rxb6 28. Nb3 Rb5 29. f4 g6 30. g4 Kg7 31. f5 exf5 32. gxf5 g5 33. f6+ Qxf6 34. Rf1 Qg6 35. Qe2 Nf6 36. Nc5 Ne4 37. Ref3 Rc7 38. Rf5 Qd6 39. c4 Rxb4 40. Qf3 Qg6 41. Nxe4 dxe4 42. Qxe4 Rbxc4 43. Qe5+ Kh7 44. Rf6 Qh5 45. Qe4+ Kg8 46. Qe8+ Kg7 47. Qe5 Kh7 48. Qe4+ 1/2-1/2

[Event "CZE Extraliga 2019-20"]
[Site "Czech Republic"]
[Date "2019.10.13"]
[Round "2.6"]
[White "Petr, Martin"]
[Black "Konopka, Michal"]
[Result "1/2-1/2"]
[ECO "B01"]
[WhiteElo "2460"]
[BlackElo "2351"]
[Annotator "ChessBase"]
[PlyCount "75"]
[EventDate "2019.09.15"]
[EventType "team-tourn"]
[EventCountry "CZE"]
[SourceTitle "playchess.com"]
[Source "ChessBase"]
[SourceQuality "1"]
[WhiteTeam "GASCO Pardubice"]
[BlackTeam "Slavia Kromerí\[#\] "]
[TimeControl "40/5400+30:1800+30"]

1. e4 d5 2. exd5 Qxd5 3. Nc3 Qa5 4. d4 Nf6 5. Nf3 Bf5 6. Ne5 c6 7. Bc4 e6 8. g4 Bg6 9. h4 Nbd7 10. Nxd7 Kxd7 11. h5 Be4 12. O-O Bd5 13. Nxd5 cxd5 14. Bd3 h6 15. c4 dxc4 16. Bxc4 Rc8 17. Bb3 Bd6 18. Qf3 Kc7 19. Bf4 Qb6 20. Be5 Kb8 21. Rac1 Rxc1 22. Rxc1 Bxe5 23. dxe5 Nd7 24. Re1 Rf8 25. Qe3 Qxe3 26. Rxe3 Nc5 27. Kg2 Rd8 28. Rf3 Nxb3 29. Rxb3 Rd2 30. Rf3 Rd7 31. Kg3 Kc7 32. a4 Kd8 33. Rc3 Rd4 34. Rf3 Ke7 35. Rf4 Rd3+ 36. Rf3 Rd4 37. Rf4 Rd3+ 38. Rf3 1/2-1/2

[Event "CZE Extraliga 2019-20"]
[Site "Czech Republic"]
[Date "2019.10.13"]
[Round "2.6"]
[White "Vlasak, Lukas"]
[Black "Jasny, Stanislav"]
[Result "1-0"]
[ECO "B06"]
[WhiteElo "2423"]
[BlackElo "2326"]
[Annotator "NA"]
[PlyCount "71"]
[EventDate "2019.09.15"]
[EventType "team-tourn"]
[EventCountry "CZE"]
[SourceTitle "playchess.com"]
[Source "ChessBase"]
[SourceQuality "1"]
[WhiteTeam " ŠK Zikuda Turnov"]
[BlackTeam "BŠŠ Frýdek-Místek"]
[TimeControl "40/5400+30:1800+30"]

1. e4 g6 2. d4 d6 3. Bc4 Nf6 4. Qe2 Bg7 5. Nf3 O-O 6. e5 dxe5 7. dxe5 Nd5 8. h3 c6 9. O-O b5 10. Bb3 Na6 11. c4 bxc4 12. Bxc4 Qb6 13. Nc3 Nxc3 14. bxc3 Nc7 15. Be3 Qa5 16. Nd4 Qxe5 17. Nxc6 Qe4 18. Nxa7 Be6 19. Bd3 Qa4 20. Nb5 Nxb5 21. Bxb5 Qe4 22. Bd3 Qe5 23. a4 Qxc3 24. Rac1 Qf6 25. Bb5 Bb3 26. Bc5 Rfc8 27. Bxe7 Qf4 28. Rxc8+ Rxc8 29. Qg4 Qxg4 30. hxg4 Bd4 31. Rb1 Bc2 32. Rc1 Kg7 33. g5 Bb2 34. Bf6+ Bxf6 35. gxf6+ Kxf6 36. Bd3 1-0

[Event "CZE Extraliga 2019-20"]
[Site "Czech Republic"]
[Date "2019.10.13"]
[Round "2.6"]
[White "Chytilek, Roman"]
[Black "Voloshin, Leonid"]
[Result "1/2-1/2"]
[ECO "A46"]
[WhiteElo "2330"]
[BlackElo "2361"]
[Annotator "NA"]
[PlyCount "37"]
[EventDate "2019.09.15"]
[EventType "team-tourn"]
[EventCountry "CZE"]
[SourceTitle "playchess.com"]
[Source "ChessBase"]
[SourceQuality "1"]
[WhiteTeam "ŠK Duras BVK"]
[BlackTeam "ŠK Dopravní podnik Praha "]
[TimeControl "40/5400+30:1800+30"]

1. d4 Nf6 2. Nf3 e6 3. g3 b5 4. Bg2 Bb7 5. c3 c5 6. O-O Be7 7. dxc5 Bxc5 8. b4 Be7 9. a4 bxa4 10. Qxa4 a5 11. b5 d5 12. Nd4 O-O 13. Ba3 Nbd7 14. Nd2 Nb6 15. Qb3 a4 16. Qb2 Bxa3 17. Qxa3 Qc7 18. Rfc1 Rfc8 19. e3 1/2-1/2

[Event "CZE Extraliga 2019-20"]
[Site "Czech Republic"]
[Date "2019.10.13"]
[Round "2.6"]
[White "Obsivac, Josef"]
[Black "Jurcik, Marian"]
[Result "1/2-1/2"]
[ECO "D26"]
[WhiteElo "2285"]
[BlackElo "2486"]
[Annotator "ChessBase"]
[PlyCount "45"]
[EventDate "2019.09.15"]
[EventType "team-tourn"]
[EventCountry "CZE"]
[SourceTitle "playchess.com"]
[Source "ChessBase"]
[SourceQuality "1"]
[WhiteTeam " Moravská Slavia Brno"]
[BlackTeam "Siesta Solution Unichess"]
[TimeControl "40/5400+30:1800+30"]

1. d4 d5 2. c4 dxc4 3. Nf3 Nf6 4. e3 e6 5. Bxc4 a6 6. O-O b5 7. Bd3 Bb7 8. Qe2 c5 9. dxc5 b4 10. Rd1 Qc7 11. Nbd2 Bxc5 12. Nb3 Bd6 13. e4 Nbd7 14. Bg5 Bf4 15. Bxf4 Qxf4 16. Rac1 Bxe4 17. Bxe4 Qxe4 18. Qxe4 Nxe4 19. Rd4 Nef6 20. Rxb4 Ke7 21. Rb7 Rhc8 22. Rxc8 Rxc8 23. Nfd4 1/2-1/2

[Event "CZE Extraliga 2019-20"]
[Site "Czech Republic"]
[Date "2019.10.13"]
[Round "2.7"]
[White "Kourousis, Epaminondas"]
[Black "Vyskocil, Neklan"]
[Result "1-0"]
[ECO "A04"]
[WhiteElo "2389"]
[BlackElo "2295"]
[Annotator "NA"]
[PlyCount "75"]
[EventDate "2019.09.15"]
[EventType "team-tourn"]
[EventCountry "CZE"]
[SourceTitle "playchess.com"]
[Source "ChessBase"]
[SourceQuality "1"]
[WhiteTeam "ŠK Dopravní podnik Praha "]
[BlackTeam "ŠK Duras BVK"]
[TimeControl "40/5400+30:1800+30"]

1. Nf3 f5 2. g3 Nf6 3. Bg2 g6 4. O-O d6 5. d4 Bg7 6. b3 O-O 7. Bb2 c6 8. c4 Qc7 9. Qc2 Na6 10. a3 Bd7 11. Nbd2 Rae8 12. e4 e5 13. c5 dxc5 14. dxc5 fxe4 15. Ng5 Bf5 16. Ngxe4 Nxe4 17. Nxe4 Qf7 18. b4 Nc7 19. a4 Ne6 20. Qc4 Bxe4 21. Bxe4 Ng5 22. Qxf7+ Rxf7 23. Rae1 Nf3+ 24. Bxf3 Rxf3 25. Re4 Rb3 26. Ba1 Rd8 27. Rfe1 Rd7 28. Kg2 Kf7 29. f4 Rd2+ 30. Kh3 Rd7 31. Bxe5 Bxe5 32. fxe5 Ke6 33. Rf4 Rf7 34. Rd4 Rbf3 35. Rd6+ Kf5 36. Kg2 Kg4 37. Rd4+ Kh5 38. e6 1-0

[Event "CZE Extraliga 2019-20"]
[Site "Czech Republic"]
[Date "2019.10.13"]
[Round "2.7"]
[White "Vavra, Pavel"]
[Black "Vymazal, Bronislav"]
[Result "0-1"]
[ECO "A80"]
[WhiteElo "2342"]
[BlackElo "2347"]
[Annotator "NA"]
[PlyCount "70"]
[EventDate "2019.09.15"]
[EventType "team-tourn"]
[EventCountry "CZE"]
[SourceTitle "playchess.com"]
[Source "ChessBase"]
[SourceQuality "1"]
[WhiteTeam "Siesta Solution Unichess "]
[BlackTeam "Moravská Slavia Brno"]
[TimeControl "40/5400+30:1800+30"]

1. d4 f5 2. Bg5 h6 3. Bc1 Nf6 4. g3 d5 5. Bg2 e6 6. Nh3 Bd6 7. O-O O-O 8. b3 b6 9. a4 a5 10. c4 c6 11. Ba3 Na6 12. Nf4 Nb4 13. Nd2 Re8 14. Nf3 Bb7 15. Nd3 dxc4 16. bxc4 c5 17. e3 Qc7 18. Nde5 Rad8 19. Qb3 Bxe5 20. Nxe5 Bxg2 21. Kxg2 cxd4 22. Nf3 dxe3 23. Bxb4 axb4 24. Qxe3 Qxc4 25. Qxb6 Rd3 26. Rfe1 Qd5 27. Re3 Rxe3 28. Qxe3 b3 29. Rb1 Rb8 30. a5 Ne4 31. Qd4 Qxa5 32. Ne5 Rd8 33. Nd7 Qc7 34. Rd1 Kh8 35. Qa4 Nc3 0-1

[Event "CZE Extraliga 2019-20"]
[Site "Czech Republic"]
[Date "2019.10.13"]
[Round "2.7"]
[White "Rabatin, Jakub"]
[Black "Studnicka, Tomas"]
[Result "1/2-1/2"]
[ECO "B35"]
[WhiteElo "2303"]
[BlackElo "2341"]
[Annotator "NA"]
[PlyCount "98"]
[EventDate "2019.09.15"]
[EventType "team-tourn"]
[EventCountry "CZE"]
[SourceTitle "playchess.com"]
[Source "ChessBase"]
[SourceQuality "1"]
[WhiteTeam "BŠŠ Frýdek-Místek "]
[BlackTeam "ŠK Zikuda Turnov"]
[TimeControl "40/5400+30:1800+30"]

1. e4 c5 2. Nf3 Nc6 3. d4 cxd4 4. Nxd4 g6 5. Nc3 Bg7 6. Be3 Nf6 7. Bc4 Qa5 8. O-O d6 9. h3 O-O 10. Bb3 Qh5 11. f4 Bd7 12. Qf3 a6 13. Rae1 Rad8 14. Nxc6 Bxc6 15. g4 Qa5 16. Nd5 Nxd5 17. exd5 Ba4 18. c3 Bxb3 19. axb3 Qb5 20. Bc1 Rde8 21. b4 e6 22. dxe6 fxe6 23. Qe2 Qc6 24. Qg2 d5 25. Be3 Qc4 26. Rd1 Rf7 27. Bd4 Ref8 28. Bc5 Re8 29. Bd4 Bxd4+ 30. Rxd4 Qc7 31. Qe2 Qd6 32. Qe3 e5 33. fxe5 Rxe5 34. Qd2 Ree7 35. Rdf4 Rxf4 36. Qxf4 Qxf4 37. Rxf4 Re2 38. Rf2 Re3 39. Rd2 Rxh3 40. Kg2 Re3 41. Rxd5 Re2+ 42. Kf3 Rxb2 43. Rd8+ Kg7 44. Rd7+ Kh6 45. Rxb7 a5 46. Kf4 Rf2+ 47. Kg3 Rb2 48. Kh4 Rh2+ 49. Kg3 Rb2 1/2-1/2

[Event "CZE Extraliga 2019-20"]
[Site "Czech Republic"]
[Date "2019.10.13"]
[Round "2.7"]
[White "Hollan, Petr"]
[Black "Rosko, Lubos"]
[Result "1-0"]
[ECO "B60"]
[WhiteElo "2301"]
[BlackElo "2317"]
[Annotator "NA"]
[PlyCount "143"]
[EventDate "2019.09.15"]
[EventType "team-tourn"]
[EventCountry "CZE"]
[SourceTitle "playchess.com"]
[Source "ChessBase"]
[SourceQuality "1"]
[WhiteTeam "Slavia Kromerí\[#\] "]
[BlackTeam "GASCO Pardubice"]
[TimeControl "40/5400+30:1800+30"]

1. e4 c5 2. Nf3 d6 3. d4 cxd4 4. Nxd4 Nf6 5. Nc3 a6 6. Bg5 e6 7. f4 Qb6 8. Qd2 Nc6 9. Bxf6 gxf6 10. Nb3 Bd7 11. O-O-O O-O-O 12. Kb1 Rg8 13. g3 h5 14. Bh3 Kb8 15. Rhf1 h4 16. gxh4 Rh8 17. Qe1 Be7 18. f5 Ne5 19. Ne2 d5 20. fxe6 fxe6 21. exd5 exd5 22. Bxd7 Rxd7 23. Nf4 d4 24. h5 Bb4 25. Qg3 Ka7 26. Nd3 Rxh5 27. Nxb4 Qxb4 28. Rxf6 Nc6 29. Qf2 Qb6 30. c3 d3 31. Nc1 Qxf2 32. Rxf2 Ne5 33. b3 Ng4 34. Rfd2 Rxh2 35. Rxd3 Rxd3 36. Rxd3 Ne5 37. Re3 Ng4 38. Re4 Rg2 39. Re7 Nf6 40. c4 Rd2 41. Ne2 Rd7 42. Re6 Ng8 43. Nc3 Ne7 44. Kc1 Nc6 45. Re2 Re7 46. Rd2 Rh7 47. Kb2 Rg7 48. Ne4 Re7 49. Nd6 Rh7 50. a3 Kb8 51. b4 Kc7 52. c5 b6 53. Ne8+ Kb7 54. Nf6 Rf7 55. Ne4 Re7 56. Nd6+ Kb8 57. cxb6 Rd7 58. Kc3 a5 59. b5 Nd8 60. a4 Nb7 61. Nxb7 Rxd2 62. Kxd2 Kxb7 63. Kc3 Kxb6 64. Kd4 Kc7 65. Kc5 Kb7 66. Kd6 Kb6 67. Kd5 Kc7 68. Ke6 Kb7 69. Kd7 Kb6 70. Kc8 Ka7 71. Kc7 Ka8 72. Kb6 1-0

[Event "CZE Extraliga 2019-20"]
[Site "Czech Republic"]
[Date "2019.10.13"]
[Round "2.8"]
[White "Skliba, Martin"]
[Black "Kulhanek, Tomas"]
[Result "0-1"]
[ECO "E46"]
[WhiteElo "2306"]
[BlackElo "2343"]
[Annotator "NA"]
[PlyCount "50"]
[EventDate "2019.09.15"]
[EventType "team-tourn"]
[EventCountry "CZE"]
[SourceTitle "playchess.com"]
[Source "ChessBase"]
[SourceQuality "1"]
[WhiteTeam "ŠK Duras BVK"]
[BlackTeam "ŠK Dopravní podnik Praha "]
[TimeControl "40/5400+30:1800+30"]

1. d4 e6 2. c4 Nf6 3. Nc3 Bb4 4. e3 O-O 5. Bd2 d5 6. Nf3 a6 7. a3 Be7 8. cxd5 exd5 9. Bd3 c5 10. dxc5 Bxc5 11. Ne2 Nc6 12. Qc2 Bb6 13. Bc3 Bg4 14. Rd1 Re8 15. Bf5 Bxf3 16. gxf3 d4 17. O-O Ne5 18. Nxd4 Bxd4 19. Bxd4 Nxf3+ 20. Kg2 Qd5 21. Kg3 Nh5+ 22. Kh3 Nxd4 23. Rxd4 Qf3+ 24. Kh4 h6 25. Bg4 Qg2 0-1

[Event "CZE Extraliga 2019-20"]
[Site "Czech Republic"]
[Date "2019.10.13"]
[Round "2.8"]
[White "Ludvik, Tomas"]
[Black "Mudrak, Josef"]
[Result "0-1"]
[ECO "E97"]
[WhiteElo "2305"]
[BlackElo "2221"]
[Annotator "NA"]
[PlyCount "118"]
[EventDate "2019.09.15"]
[EventType "team-tourn"]
[EventCountry "CZE"]
[SourceTitle "playchess.com"]
[Source "ChessBase"]
[SourceQuality "1"]
[WhiteTeam "GASCO Pardubice"]
[BlackTeam "Slavia Kromerí\[#\] "]
[TimeControl "40/5400+30:1800+30"]

1. d4 Nf6 2. c4 g6 3. Nc3 Bg7 4. e4 d6 5. Nf3 O-O 6. Be2 e5 7. O-O Nc6 8. d5 Ne7 9. b4 a5 10. Ba3 axb4 11. Bxb4 Nd7 12. a4 Nc5 13. Ne1 f5 14. Bxc5 dxc5 15. Nd3 Ra5 16. Bf3 b6 17. Re1 fxe4 18. Nxe4 Nf5 19. Bg4 Bd7 20. Ra3 c6 21. Nc3 Re8 22. Bf3 Nd4 23. dxc6 Bxc6 24. Bxc6 Nxc6 25. Nd5 Nd4 26. Qd2 e4 27. N3f4 Nf5 28. Qc2 b5 29. Rxe4 b4 30. Rh3 Rxa4 31. g4 Ra1+ 32. Kg2 Nd4 33. Rxd4 Bxd4 34. Nxg6 Ra7 35. Nh4 b3 36. Qxb3 Re2 37. Nf5 Rxf2+ 38. Kg3 Rb2 39. Qd3 Be5+ 40. Kf3 Qa8 41. Qe4 Ra3+ 42. Nfe3 Qf8+ 43. Qf5 Qxf5+ 44. gxf5 Rxh2 45. Rxh2 Bxh2 46. Ke4 Kf7 47. f6 Ke6 48. Nf5 Ra4 49. Ng7+ Kf7 50. Kf5 Ra1 51. Nh5 Bd6 52. Ng7 Rf1+ 53. Ke4 Re1+ 54. Kf5 Re5+ 55. Kg4 Kg6 56. Nf4+ Kxf6 57. Ngh5+ Kf7 58. Kf3 Rf5 59. Ke4 Rxf4+ {[%emt 0:00:17] Kd4} 0-1

[Event "CZE Extraliga 2019-20"]
[Site "Czech Republic"]
[Date "2019.10.13"]
[Round "2.8"]
[White "Liska, Jiri"]
[Black "Vesselovsky, Serguei"]
[Result "0-1"]
[ECO "B50"]
[WhiteElo "2302"]
[BlackElo "2306"]
[Annotator "NA"]
[PlyCount "102"]
[EventDate "2019.09.15"]
[EventType "team-tourn"]
[EventCountry "CZE"]
[SourceTitle "playchess.com"]
[Source "ChessBase"]
[SourceQuality "1"]
[WhiteTeam " ŠK Zikuda Turnov"]
[BlackTeam "BŠŠ Frýdek-Místek"]
[TimeControl "40/5400+30:1800+30"]

1. e4 c5 2. Nf3 d6 3. c3 Nf6 4. Be2 Bg4 5. h3 Bh5 6. O-O e6 7. Re1 Be7 8. Qb3 Qc7 9. d4 O-O 10. d5 exd5 11. exd5 Nbd7 12. Bf4 Rfe8 13. Nbd2 Bf8 14. Nf1 Nb6 15. Ne3 Rac8 16. c4 Bxf3 17. Bxf3 g6 18. h4 h5 19. Qc2 Nbd7 20. Rad1 Qa5 21. Be2 Ne5 22. Bg3 Bh6 23. f4 Ned7 24. Bd3 Qc7 25. Qf2 Ne4 26. Bxe4 Rxe4 27. Qf3 Rce8 28. Nc2 f5 29. Rxe4 Rxe4 30. Re1 Nf6 31. Rxe4 Nxe4 32. Be1 Qg7 33. Bc3 Nxc3 34. bxc3 Qf6 35. g3 Bg7 36. Na3 a6 37. Nb1 Qe7 38. Kf2 Qc7 39. Qe2 Bf6 40. Qe6+ Kg7 41. Qe2 Qa5 42. Kg2 Qa4 43. Kf2 b5 44. cxb5 axb5 45. Kf3 b4 46. cxb4 Qxb4 47. Nd2 Qd4 48. Kg2 Qxd5+ 49. Nf3 c4 50. a4 c3 51. Kh3 c2 0-1